 Dungeon Crawl Stone Soup version 0.17.1-1-g73c8601 (webtiles) character file.

744 Goblin1989 the Basher (level 7, 0/40 HPs)
             Began as a Gargoyle Gladiator on Dec 28, 2015.
             Was a Follower of Okawaru.
             Slain by Blork the orc
             ... wielding a +0 glaive
              (3 damage)
             ... on level 4 of the Dungeon.
             The game lasted 00:10:00 (3262 turns).

Goblin1989 the Basher (Gargoyle Gladiator)          Turns: 3262, Time: 00:10:01

Health: 0/40       AC: 11    Str: 18    XL:     7   Next: 76%
Magic:  7/7        EV: 11    Int: 11    God:    Okawaru [*.....]
Gold:   193        SH:  0    Dex: 10    Spells: 0 memorised, 6 levels left

rFire  . . .     SeeInvis .     m - +0 morningstar
rCold  + . .     Clarity  .     s - +1 ring mail {rC+}
rNeg   + . .     SustAt   .     (no shield)
rPois  ∞         Gourm    .     e - +0 helmet (curse)
rElec  +         Spirit   .     (no cloak)
rCorr  .         Warding  .     (no gloves)
rMut   +         Stasis   .     (no boots)
MR     .....                    q - amulet of resist mutation
Stlth  +.........               (no ring)
                                C - ring of stealth

@: not resistant to hostile enchantments, very unstealthy
A: negative energy resistance 1, electricity resistance, unbreathing,
petrification resistance, rot immunity, AC +4
a: Heroism, Renounce Religion


You were on level 4 of the Dungeon.
You worshipped Okawaru.
Okawaru was aware of your devotion.
You were not hungry.

You visited 1 branch of the dungeon, and saw 4 of its levels.

You collected 193 gold pieces.

Inventory:

Hand Weapons
 m - a +0 morningstar (weapon)
 z - a +0 blowgun
Missiles
 c - 2 steel tomahawks
 d - 3 throwing nets (quivered)
 A - 22 poisoned needles
 E - 4 tomahawks
 F - 3 javelins
Armour
 e - a cursed +0 helmet (worn)
 s - a +1 ring mail of cold resistance (worn)
 v - a cursed -2 ring mail
 D - a +0 chain mail of cold resistance
Jewellery
 q - an amulet of resist mutation (around neck)
 C - a ring of stealth (left hand)
 H - an uncursed amulet of warding {unknown}
Scrolls
 a - 2 scrolls of fog {unknown}
 f - 2 scrolls of recharging {unknown}
 j - 2 scrolls of remove curse {unknown}
 k - 5 scrolls of identify {unknown}
 n - a scroll of noise {unknown}
 o - a scroll of amnesia {unknown}
 p - a scroll of random uselessness {unknown}
 x - a scroll of teleportation {unknown}
 y - a scroll of immolation {unknown}
 B - 2 scrolls of blinking {unknown}
Potions
 b - 4 potions of agility
 g - a potion of brilliance {unknown}
 h - a potion of invisibility {unknown}
 i - 5 potions of curing {unknown}
 l - 3 potions of heal wounds {unknown}
 G - a potion of poison {unknown}
Books
 r - a book of Flames

   Spells                             Type                      Level
   a - Flame Tongue                   Conjuration/Fire             1
   b - Throw Flame                    Conjuration/Fire             2
   c - Conjure Flame                  Conjuration/Fire             3
   d - Inner Flame                    Hexes/Fire                   3
   e - Sticky Flame                   Conjuration/Fire             4
   f - Fireball                       Conjuration/Fire             5
Comestibles
 t - 3 fruits
 u - 2 meat rations
 w - a slice of pizza
 I - a chunk of flesh


   Skills:
 - Level 2.1 Fighting
 + Level 8.9 Maces & Flails
 - Level 1.7 Throwing
 - Level 2.4 Dodging


You had 6 spell levels left.
You didn't know any spells.

Dungeon Overview and Level Annotations

Branches:
Dungeon (4/15)
 Temple: D:4-7

Altars:
Cheibriados
Makhleb
Okawaru
Trog
Xom

Annotations:
D:4 Blork the orc


Innate Abilities, Weirdness & Mutations

You are resistant to torment.
Your stone body is resilient (AC +4).
You are immune to poison.
You resist negative energy.
You are resistant to electric shocks.
You can survive without breathing.
You are immune to petrification.
You are immune to rotting.


Message History

The hound bites you but does no damage. Blork the orc barely misses you.
The hound bites you but does no damage.
You puncture Blork the orc!
Blork the orc is severely wounded.
Blork the orc closely misses you. The hound barely misses you.
You completely miss Blork the orc.
Blork the orc is severely wounded.
The hound closely misses you.
Blork the orc gestures wildly while chanting.
Blork the orc flickers and vanishes!
Deactivating autopickup; reactivate with Ctrl-A.
The hound bites you but does no damage. Something completely misses you.
You miss something. The hound barely misses you. Something hits you.
* * * LOW HITPOINT WARNING * * *
You closely miss something. The hound barely misses you. Something hits you.
* * * LOW HITPOINT WARNING * * *
The hound closely misses you.
You hit something but do no damage. The hound completely misses you.
Something hits you.
You die...

##### ####....... #...#
#.......... #...#
#.......#
###...########..%....###
.............'..........
#....######.##.......###
.....# #÷####.#####
#....# #.# #h# #..###
#.# #@# ##.# #.# #{# #..
#.# #.. ##.# #.# #### .#
#.# .# #.# ## . #... #
.# #.## .#####.#


You could see a hound.

Vanquished Creatures
  Sigmund (D:4)
  Duvessa (D:4)
  A sky beast (D:3)
  Dowan (D:4)
  An orc priest (D:3)
  2 orc wizards (D:3)
  Jessica (D:2)
  A hound (D:3)
  The ghost of Gargoyl the Digger, a weakling GrEE (D:3)
  8 adders
  A shadow imp (D:3)
  2 oozes
  2 worms
  13 orcs (D:3)
  4 giant cockroaches
  5 goblins
  7 hobgoblins
  2 quokkas (D:3)
  A ball python (D:1)
  9 bats
  A giant gecko (D:3)
  9 giant newts
  2 jackals (D:4)
  15 kobolds
  A quokka skeleton (D:4)
  10 rats
102 creatures vanquished.

Notes
Turn   | Place    | Note
--------------------------------------------------------------
     0 | D:1      | Goblin1989 the Gargoyle Gladiator began the quest for the Orb.
     0 | D:1      | Reached XP level 1. HP: 12/12 MP: 1/1
   110 | D:1      | Reached XP level 2. HP: 14/17 MP: 2/2
   451 | D:1      | Reached skill level 4 in Maces & Flails
   565 | D:1      | Reached XP level 3. HP: 21/21 MP: 3/3
  1032 | D:2      | Noticed Jessica
  1048 | D:2      | Killed Jessica
  1048 | D:2      | Reached XP level 4. HP: 23/26 MP: 4/4
  1131 | D:2      | Found a shimmering altar of Xom.
  1131 | D:2      | Found an iron altar of Okawaru.
  1145 | D:2      | Became a worshipper of Warmaster Okawaru
  1182 | D:2      | Reached skill level 5 in Maces & Flails
  1618 | D:3      | Reached XP level 5. HP: 30/30 MP: 5/5
  1835 | D:3      | Noticed a sky beast
  1844 | D:3      | Killed a sky beast
  1844 | D:3      | Reached * piety under Okawaru
  1844 | D:3      | Reached skill level 6 in Maces & Flails
  1844 | D:3      | Reached XP level 6. HP: 28/35 MP: 6/6
  2073 | D:3      | Found a burning altar of Makhleb.
  2077 | D:3      | Reached skill level 7 in Maces & Flails
  2292 | D:3      | Noticed Gargoyl's ghost (weakling GrEE)
  2303 | D:3      | Killed Gargoyl's ghost
  2435 | D:3      | Found a snail-covered altar of Cheibriados.
  2818 | D:4      | Noticed Dowan
  2820 | D:4      | Noticed Duvessa
  2820 | D:4      | Noticed Sigmund
  2858 | D:4      | Killed Duvessa
  2858 | D:4      | Reached skill level 8 in Maces & Flails
  2858 | D:4      | Reached XP level 7. HP: 22/40 MP: 4/7
  2876 | D:4      | Killed Dowan
  2885 | D:4      | Killed Sigmund
  2885 | D:4      | Reached ** piety under Okawaru
  3097 | D:4      | Found a bloodstained altar of Trog.
  3245 | D:4      | Noticed Blork the orc
  3262 | D:4      | Slain by Blork the orc

Action                   |  1- 3 |  4- 6 |  7- 9 || total
-------------------------+-------+-------+-------++-------
Melee: Flail             |    94 |    83 |       ||   177
       Morningstar       |       |   151 |    33 ||   184
Invok: Heroism           |       |     1 |       ||     1
 Stab: Sleeping          |       |       |     1 ||     1
  Eat: Chunk             |       |     5 |     1 ||     6
       Bread ration      |       |     1 |       ||     1
